 Dungeon Sprint DCSS version 0.30-a0-802-gb92711bcdf (webtiles) character file.

Game seed: 8063889772712423246

6100000 BigDaddyOpFi the Intangible (level 27, -4/228 HPs)
             Began as a Djinni Warper on Feb 24, 2023.
             Was the Champion of Makhleb.
             Slain by a meat berserker
             ... wielding a +9 battleaxe
              (56 damage)
             ... in the Dungeon (Sprint VIII: "Arena of Blood").
             The game lasted 00:01:21 (61 turns).

BigDaddyOpFi the Intangible (Djinni Warper)           Turns: 61, Time: 00:01:21

Health: -4/228     AC:  6    Str: 10    XL:     27
Gold:   0          EV: 36    Int: 17    God:    Makhleb [******] SH:  0 Dex: 25

rFire   + + .      SeeInvis .    h - +∞ Axe of Woe
rCold   x . .      Faith    .    (shield currently unavailable)
rNeg    . . .      Spirit   .    a - +0 leather armour
rPois   ∞          Reflect  .    (no helmet)
rElec   .          Harm     .    (no cloak)
rCorr   .          Rampage  .    (no gloves)
Will    ++...      NoTele   +    (boots unavailable)
Stlth   ++++++++++               (no amulet)
HPRegen 0.58/turn                (no ring)
MPRegen 0.00/turn                (no ring)

@: flying, slowed, very slow
A: sickness immunity, fire resistance 2, cold vulnerability 1, float, innate
caster, HP casting, extra vitality 1
a: Renounce Religion, Minor Destruction, Lesser Servant of Makhleb, Major
Destruction, Greater Servant of Makhleb


You were in the Dungeon.
You worshipped Makhleb.
Makhleb was exalted by your worship.
You visited 1 branch

Inventory:

Hand Weapons
 h - the +∞ Axe of Woe (weapon)
   (You found it in the Dungeon)
Missiles
 c - 7 boomerangs of dispersal (quivered)
Armour
 a - a +0 leather armour (worn)
Scrolls
 b - 2 scrolls of blinking
Potions
 d - a potion of curing
 e - a potion of heal wounds
 f - a potion of haste
 g - a potion of berserk rage


   Skills:
 O Level 27 Fighting
 O Level 27 Short Blades
 O Level 27 Long Blades
 O Level 27 Axes
 O Level 27 Maces & Flails
 O Level 27 Polearms
 O Level 27 Staves
 O Level 27 Ranged Weapons
 O Level 27 Throwing
 O Level 27 Armour
 O Level 27 Dodging
 O Level 27 Stealth
 O Level 27 Shields
 O Level 27 Unarmed Combat
 O Level 27 Spellcasting
 O Level 27 Invocations
 O Level 27 Evocations


You knew the following spells:

 Your Spells              Type           Power      Damage    Failure   Level
a - Blink                 Tloc           100%       N/A       0%          2
b - Lesser Beckoning      Tloc           100%       N/A       0%          2
c - Vhi's Electric Charg  Tloc/Air       100%       N/A       0%          3
d - Teleport Other        Tloc           86%        N/A       0%          3
e - Manifold Assault      Tloc           86%        N/A       0%          4
f - Apportation           Tloc           100%       N/A       0%          1
g - Scorch                Fire           100%       2d10      0%          2
h - Momentum Strike       Conj/Tloc      100%       3d10      0%          2
i - Frozen Ramparts       Ice            100%       1d16      0%          3
j - Iskenderun's Battles  Conj           86%        2d13      0%          5
k - Summon Mana Viper     Hex/Summ       86%        N/A       0%          5
l - Summon Cactus Giant   Summ           43%        N/A       0%          6
m - Enfeeble              Hex            43%        N/A       1%          7
n - Haunt                 Necr/Summ      43%        N/A       1%          7
o - Borgnjor's Revivific  Necr           43%        N/A       1%          8
p - Necromutation         Tmut/Necr      43%        N/A       1%          8
q - Disjunction           Tloc           43%        N/A       1%          8
r - Fire Storm            Conj/Fire      43%        8d11      2%          9
Your spell library was empty.

Dungeon Overview and Level Annotations

Branches:
Dungeon (1/1)

Altars:
Makhleb


Innate Abilities, Weirdness & Mutations

You are immune to sickness and miasma.
You are immune to poison.
Your flesh is very heat resistant. (rF++)
You are vulnerable to cold. (rC-)
You float through the air rather than walking.
You learn spells naturally, not from books.
Your magical power is your life essence.
You have superior vitality. (+4 MHP)


Message History

You kill the meat berserker!
Makhleb accepts your kill.
You feel better.
You slice the accursed!!
You pulverise the accursed into a thin bloody mist.
You destroy the accursed!
Makhleb accepts your kill.
You feel better.
You slash the large bag of meat!
Flame seeps out of the large bag of meat.
You butcher the large bag of meat messily.
Makhleb accepts your kill.
You feel better.
The large bag of meat explodes!
The fiery explosion engulfs the bag of meat!!
The fiery explosion engulfs you. You resist.
You feel extremely nervous for a moment...
Pain shoots through your body!!
You are engulfed in blazing flames.
You resist.
You hear a shout! x6
The bag of meat is engulfed in blazing flames.
You hear a shout! x5
The accursed gestures at you while chanting.
Something smites you!
You hear a shout! x3
Unknown command.
You slice the bag of meat!! You chop the bag of meat into pieces.
You kill the bag of meat!
Makhleb accepts your kill.
You are engulfed in blazing flames.
You resist.
You hear a shout! x2
The meat berserker is engulfed in blazing flames.
You hear a shout! x4
A sculptor of flesh comes into view. It is wielding a +9 great sword.
You hear a shout! x2
The dread calls on the powers of darkness!
The meat berserker convulses!
The bag of meat convulses! x2
The meat berserker convulses!
Your body is wracked with pain!
* * * LOW HITPOINT WARNING * * *
The eight-headed meat hydra convulses!
The meat berserker is engulfed in blazing flames.
The meat berserker hits you with a +9 battleaxe!!!
You die...

......#..)).#
#..........#_)<)_#
...#.D....z#..)).#..
.....#.....).._.....
O.........o..).###......
O.......WO###)))....###..
...z...o...#.......# .
.....○☼M).#)))....#
#...§O@))))........
#.#.#○○☼)).)........
#).§..)))........
#.#.))...........#
#.#..)..#........#.
......))..........#
#.......##.#......
##.z..............
....####....#.....


You could see an accursed, an eight-headed meat hydra, 2 sculptors of flesh, a
dread, 2 meat berserkers and 2 bags of meat.

Vanquished Creatures
  A hell beast (D)
  3 royal mummies (D)
  A wraith (D)
  10 vampire knights (D)
  20 ogres (D)
  7 two-headed ogres (D)
  4 liches (D)
  A hydra (D)
  55 orcs (D)
  A skeletal warrior (D)
103 creatures vanquished.

Notes
Turn   | Place    | Note
-------+----------+-------------------------------------------
     0 | D        | Found the +∞ Axe of Woe
     0 | D        | BigDaddyOpFi the Djinni Warper began the quest for the Orb.
     0 | D        | BigDaddyOpFi set off with the following spells memorised:
                  | Blink, Lesser Beckoning, Vhi's Electric Charge, Teleport
                  | Other, Manifold Assault.
     0 | D        | Reached XP level 1. HP: 18/18 MP: 0/0
     2 | D        | Noticed a bag of meat
     3 | D        | Noticed a bag of meat
     4 | D        | Became a worshipper of Makhleb the Destroyer
     4 | D        | Noticed a bag of meat
     5 | D        | Noticed a bag of meat
     6 | D        | Noticed a bag of meat
     7 | D        | Noticed a bag of meat
     9 | D        | Killed a bag of meat
    10 | D        | Reached skill level 10 in Dodging
    10 | D        | Reached XP level 2. HP: 34/34 MP: 0/0
    10 | D        | Reached XP level 3. HP: 39/39 MP: 0/0
    10 | D        | Learned a level 1 spell: Apportation
    10 | D        | Reached XP level 4. HP: 45/45 MP: 0/0
    10 | D        | Reached XP level 5. HP: 50/50 MP: 0/0
    10 | D        | Learned a level 2 spell: Scorch
    10 | D        | Reached XP level 6. HP: 56/56 MP: 0/0
    10 | D        | Reached XP level 7. HP: 61/61 MP: 0/0
    10 | D        | Learned a level 2 spell: Momentum Strike
    10 | D        | Reached XP level 8. HP: 67/67 MP: 0/0
    10 | D        | Reached XP level 9. HP: 72/72 MP: 0/0
    10 | D        | Learned a level 3 spell: Frozen Ramparts
    10 | D        | Reached XP level 10. HP: 78/78 MP: 0/0
    10 | D        | Reached XP level 11. HP: 84/84 MP: 0/0
    10 | D        | Learned a level 5 spell: Iskenderun's Battlesphere
    10 | D        | Killed a bag of meat
    10 | D        | Reached * piety under Makhleb
    10 | D        | Noticed a meat berserker
    10 | D        | Noticed a bag of meat
    11 | D        | Reached skill level 10 in Fighting
    11 | D        | Reached skill level 10 in Armour
    11 | D        | Reached skill level 10 in Unarmed Combat
    11 | D        | Reached skill level 10 in Invocations
    11 | D        | Reached XP level 12. HP: 45/92 MP: 0/0
    11 | D        | Killed a bag of meat
    11 | D        | Killed a bag of meat
    11 | D        | Noticed a bag of meat
    12 | D        | Reached skill level 10 in Axes
    12 | D        | Reached skill level 10 in Throwing
    12 | D        | Reached XP level 13. HP: 73/101 MP: 0/0
    12 | D        | Learned a level 5 spell: Summon Mana Viper
    12 | D        | Noticed a meat berserker
    12 | D        | Killed a bag of meat
    12 | D        | Reached ** piety under Makhleb
    13 | D        | Reached skill level 10 in Spellcasting
    13 | D        | Reached XP level 14. HP: 103/108 MP: 0/0
    13 | D        | Noticed a bag of meat
    13 | D        | Killed a meat berserker
    13 | D        | Killed a bag of meat
    14 | D        | Reached skill level 15 in Dodging
    14 | D        | Reached XP level 15. HP: 117/117 MP: 0/0
    14 | D        | Learned a level 6 spell: Summon Cactus Giant
    14 | D        | Reached *** piety under Makhleb
    16 | D        | Killed a meat berserker
    17 | D        | Reached skill level 15 in Fighting
    17 | D        | Reached skill level 15 in Armour
    17 | D        | Reached skill level 15 in Unarmed Combat
    17 | D        | Reached skill level 15 in Invocations
    17 | D        | Reached XP level 16. HP: 98/128 MP: 0/0
    17 | D        | Noticed a destroyer
    17 | D        | Reached **** piety under Makhleb
    18 | D        | Killed a destroyer
    18 | D        | Noticed a meat berserker
    19 | D        | Reached XP level 17. HP: 137/137 MP: 0/0
    19 | D        | Learned a level 7 spell: Enfeeble
    19 | D        | Noticed a destroyer
    19 | D        | Noticed a large bag of meat
    20 | D        | Reached skill level 15 in Axes
    20 | D        | Reached skill level 15 in Throwing
    21 | D        | Noticed a large bag of meat
    21 | D        | Killed a meat berserker
    21 | D        | Reached ***** piety under Makhleb
    23 | D        | Reached skill level 15 in Spellcasting
    23 | D        | Reached XP level 18. HP: 148/148 MP: 0/0
    23 | D        | Killed a destroyer
    23 | D        | Noticed a destroyer
    24 | D        | Noticed a large bag of meat
    24 | D        | Noticed a meat berserker
    24 | D        | Noticed a large bag of meat
    24 | D        | Noticed a large bag of meat
    24 | D        | Noticed a destroyer
    24 | D        | Killed a large bag of meat
    25 | D        | Noticed a meat berserker
    25 | D        | Noticed a large bag of meat
    26 | D        | Reached XP level 19. HP: 148/157 MP: 0/0
    26 | D        | Learned a level 7 spell: Haunt
    26 | D        | Noticed a meat berserker
    26 | D        | Killed a destroyer
    26 | D        | Reached ****** piety under Makhleb
    26 | D        | Noticed an eight-headed meat hydra
    27 | D        | Killed a meat berserker
    28 | D        | Killed a large bag of meat
    29 | D        | Reached XP level 20. HP: 96/169 MP: 0/0
    29 | D        | Killed a meat berserker
    29 | D        | Killed a meat berserker
    29 | D        | Killed a large bag of meat
    29 | D        | Noticed a meat berserker
    30 | D        | Reached XP level 21. HP: 175/179 MP: 0/0
    30 | D        | Learned a level 8 spell: Borgnjor's Revivification
    30 | D        | Noticed a meat berserker
    30 | D        | Noticed a meat berserker
    31 | D        | Killed a large bag of meat
    31 | D        | Noticed a destroyer
    32 | D        | Reached skill level 27 in Dodging
    32 | D        | Reached XP level 22. HP: 174/191 MP: 0/0
    32 | D        | Killed a large bag of meat
    33 | D        | Reached skill level 27 in Fighting
    33 | D        | Reached skill level 27 in Armour
    33 | D        | Reached skill level 27 in Unarmed Combat
    33 | D        | Reached skill level 27 in Invocations
    33 | D        | Killed a nine-headed meat hydra
    33 | D        | Noticed a destroyer
    33 | D        | Noticed a meat berserker
    34 | D        | Reached XP level 23. HP: 198/201 MP: 0/0
    34 | D        | Learned a level 8 spell: Necromutation
    34 | D        | Killed a destroyer
    35 | D        | Reached skill level 27 in Stealth
    36 | D        | Killed a destroyer
    37 | D        | Reached skill level 27 in Axes
    37 | D        | Reached skill level 27 in Throwing
    37 | D        | Reached skill level 27 in Spellcasting
    37 | D        | Reached XP level 24. HP: 203/208 MP: 0/0
    37 | D        | Noticed a destroyer
    38 | D        | Killed a destroyer
    40 | D        | Killed a destroyer
    41 | D        | Noticed an accursed
    42 | D        | Reached XP level 25. HP: 214/214 MP: 0/0
    42 | D        | Learned a level 8 spell: Disjunction
    42 | D        | Noticed a tyrant
    44 | D        | Noticed a large bag of meat
    44 | D        | Noticed a destroyer
    44 | D        | Killed an accursed
    44 | D        | Noticed a destroyer
    45 | D        | Reached skill level 27 in Maces & Flails
    45 | D        | Reached skill level 27 in Polearms
    48 | D        | Reached XP level 26. HP: 195/221 MP: 0/0
    48 | D        | Noticed an accursed
    48 | D        | Noticed a destroyer
    48 | D        | Noticed a tyrant
    49 | D        | Noticed an accursed
    49 | D        | Noticed a tyrant
    50 | D        | Reached skill level 27 in Staves
    50 | D        | Reached skill level 5 in Short Blades
    50 | D        | Reached skill level 5 in Long Blades
    50 | D        | Reached skill level 5 in Shields
    50 | D        | Reached skill level 5 in Evocations
    50 | D        | Noticed an accursed
    50 | D        | Noticed a tyrant
    51 | D        | Killed a destroyer
    51 | D        | Killed a tyrant
    52 | D        | Reached XP level 27. HP: 202/228 MP: 0/0
    52 | D        | Learned a level 9 spell: Fire Storm
    52 | D        | Noticed a large bag of meat
    53 | D        | Killed an accursed
    54 | D        | Killed a tyrant
    54 | D        | Killed a large bag of meat
    55 | D        | Noticed a meat beast
    55 | D        | Noticed a dread
    56 | D        | Noticed a dread
    56 | D        | Killed a destroyer
    57 | D        | Reached skill level 27 in Shields
    57 | D        | Reached skill level 27 in Evocations
    57 | D        | Killed a tyrant
    57 | D        | Killed a meat beast
    58 | D        | Reached skill level 27 in Short Blades
    58 | D        | Reached skill level 27 in Long Blades
    58 | D        | Reached skill level 27 in Ranged Weapons
    58 | D        | Killed a tyrant
    58 | D        | Killed a destroyer
    59 | D        | Killed a dread
    60 | D        | Killed an accursed
    60 | D        | Killed a large bag of meat
    61 | D        | Slain by a meat berserker

Illustrated notes

Levels and vault maps discovered:
D:        meatsprint

Skill      XL: |  1  2  3  4  5  6  7  8  9 10 11 12 13 14 15 16 17 18 19 20 21 22 23 24 25 26 27 |
---------------+----------------------------------------------------------------------------------+-----
Fighting       | 9 10 12 14 15 17 19 20 22 24 25 27 | 27.0
Axes           | 7 8 10 12 13 14 16 17 19 20 22 24 27 | 27.0
Throwing       | 7 8 10 12 13 14 16 17 19 20 22 24 27 | 27.0
Armour         | 9 10 12 14 15 17 18 20 22 24 25 27 | 27.0
Dodging        | 10 11 13 15 17 18 20 22 24 26 27 | 27.0
Stealth        | 8 9 11 13 14 16 17 18 20 22 23 26 27 | 27.0
Unarmed Combat | 9 10 12 14 15 17 19 20 22 24 25 27 | 27.0
Spellcasting   | 7 8 9 10 11 12 13 15 16 18 19 20 23 27 | 27.0
Invocations    | 8 10 12 14 15 17 18 20 22 24 25 27 | 27.0
Maces & Flails | 11 22 27 | 27.0
Polearms       | 11 22 27 | 27.0
Staves         | 21 27 | 27.0
Short Blades   | 17 27 | 27.0
Long Blades    | 17 27 | 27.0
Ranged Weapons | 16 27 | 27.0
Shields        | 19 27 | 27.0
Evocations     | 19 27 | 27.0

Action                     |  1- 3 |  4- 6 |  7- 9 | 10-12 | 13-15 | 16-18 | 19-21 | 22-24 | 25-27 || total
---------------------------+-------+-------+-------+-------+-------+-------+-------+-------+-------++-------
  Melee: Executioner's axe |     1 |       |       |     2 |     4 |     8 |     6 |     9 |    19 ||    49
   Cast: Vhi's Electric Ch |       |       |       |       |       |     2 |     1 |     1 |     2 ||     6
  Dodge: Dodged            |       |       |       |       |     2 |       |       |       |     3 ||     5

Table legend: (Time is in decaauts)
 A = Elapsed time spent in this place.
 B = Non-inter-level travel time spent in this place.
 C = Inter-level travel time spent in this place.
 D = Time resting spent in this place.
 E = Time spent auto-exploring this place.
 F = Levels seen in this place.
 G = Mean time per level.
                   A        B        C        D        E       F      G
               +--------+--------+--------+--------+--------+-----+--------+
         Total |     62 |     62 |      0 |      0 |      0 |   1 |   62.0 |
       Dungeon |     62 |     62 |      0 |      0 |      0 |   1 |   62.0 |
               +--------+--------+--------+--------+--------+-----+--------+

Top non-repeatable levels by time:
       D: 62 daAuts
